 Dungeon Crawl Stone Soup version 0.31-a0-1154-gadca813884 (webtiles) character file.

Game seed: 17469095561705589894

1597 Dirtsage the Basher (level 8, -4/46 HPs)
             Began as a Gargoyle Fighter on Dec 7, 2023.
             Slain by a two-headed ogre
             ... wielding a +0 giant club
              (8 damage)
             ... on level 6 of the Dungeon.
             The game lasted 00:09:53 (5505 turns).

Dirtsage the Basher (Gargoyle Fighter)              Turns: 5505, Time: 00:09:54

Health: -4/46      AC: 12    Str: 21    XL:     8   Next: 93%
Magic:  8/8        EV:  9    Int: 10    God:
Gold:   214        SH:  4    Dex:  9    Spells: 7/7 levels left

rFire   . . .        a - +0 flail
rCold   . . .        c - +0 buckler
rNeg    + . .        b - +0 scale mail
rPois   ∞            (no helmet)
rElec   +            (no cloak)
rCorr   .            (no gloves)
SInv    .            (no boots)
Will    .....        (no amulet) Stlth
                     (no ring)
HPRegen 0.27/turn    (no ring)
MPRegen 0.11/turn

%: no passive effects
@: no status effects
A: sickness immunity, AC +5, negative energy resistance 1, electricity
resistance, torment resistance 1, petrification resistance
a: no special abilities


You were on level 6 of the Dungeon.
You visited 1 branch of the dungeon, and saw 6 of its levels.

You collected 279 gold pieces.
You spent 65 gold pieces at shops.

Inventory:

Hand Weapons
 a - a +0 flail (weapon)
Armour
 b - a +0 scale mail (worn)
 c - a +0 buckler (worn)
Wands
 s - a wand of paralysis (9)
Scrolls
 e - a scroll of fear {unknown}
 f - 4 scrolls of teleportation {unknown}
 g - 8 scrolls of identify {unknown}
 h - 2 scrolls of blinking {unknown}
 i - 2 scrolls of enchant armour {unknown}
 j - a scroll of revelation {unknown}
 k - a scroll of noise {unknown}
 o - a scroll of summoning {unknown}
 p - 2 scrolls of immolation {unknown}
 w - a scroll of enchant weapon {unknown}
Potions
 d - 2 potions of might
 l - a potion of heal wounds
 m - a potion of magic {unknown}
 n - a potion of ambrosia {unknown}
 r - a potion of mutation {unknown}
 t - a potion of resistance {unknown}
 u - a potion of enlightenment {unknown}
 v - a potion of lignification {unknown}


   Skills:
 - Level 3.2 Fighting
 + Level 11.1 Maces & Flails
 - Level 3.2 Armour
 - Level 3.2 Shields


You had 7 spell levels left.
You didn't know any spells.
Your spell library contained the following spells:

 Spells                   Type           Power      Damage    Failure   Level
 Apportation              Tloc           0%         N/A       77%         1
 Necrotise                Necr           0%         1d4       77%         1
 Summon Small Mammal      Summ           0%         N/A       77%         1


Dungeon Overview and Level Annotations

Branches:
Dungeon (6/15)
 Temple: D:4-7

Altars:

Shops:
D:1 =   D:4 *![[[

Annotations:
D:5 1 runed translucent door, nago's ghost, weakling DjDe


Innate Abilities, Weirdness & Mutations

You are immune to sickness and miasma.
Your stone body is resilient. (AC +5)
You are immune to poison.
You resist negative energy. (rN+)
You are resistant to electric shocks. (rElec)
You are resistant to unholy torment.
You are immune to petrification.


Message History

There is a stone staircase leading up here.
The two-headed ogre shouts in stereo!
Aiming: Paralyse
Press: ? - help, Shift-Dir - straight line, f - two-headed ogre
Aim: a two-headed ogre, wielding a +0 giant club and a +0 giant spiked club (chance to affect: 31%)
The two-headed ogre easily resists.
Aiming: Paralyse
Press: ? - help, Shift-Dir - straight line, f/p - two-headed ogre
Aim: a two-headed ogre, wielding a +0 giant club and a +0 giant spiked club (chance to affect: 31%)
The two-headed ogre suddenly stops moving!
The helpless two-headed ogre fails to defend itself.
You hit the two-headed ogre.
The two-headed ogre is lightly wounded.
The helpless two-headed ogre fails to defend itself.
You hit the two-headed ogre.
The two-headed ogre is lightly wounded.
The helpless two-headed ogre fails to defend itself.
You sock the two-headed ogre!
The two-headed ogre is moderately wounded.
The two-headed ogre is no longer paralysed.
The two-headed ogre hits you with a +0 giant club!
The two-headed ogre hits you with a +0 giant spiked club!
You take 23 damage, and have 23/46 hp.
MASSIVE DAMAGE!!
You thump the two-headed ogre!
The two-headed ogre is heavily wounded.
You barely miss the two-headed ogre.
The two-headed ogre is heavily wounded.
The two-headed ogre hits you with a +0 giant club.
The two-headed ogre hits you with a +0 giant spiked club!
* * * LOW HITPOINT WARNING * * *
You take 20 damage, and have 3/46 hp.
MASSIVE DAMAGE!!
You hit the two-headed ogre.
The two-headed ogre is severely wounded.
You block the two-headed ogre's attack. x2
You barely miss the two-headed ogre.
The two-headed ogre is severely wounded.
You thump the two-headed ogre!
The two-headed ogre is severely wounded.
The two-headed ogre hits you with a +0 giant club!
You die...

........ #####....#
.........########
.........<......#
........#######...###
..>.....)# ......# #
.........## .........
..........# ........#
###..##..@###
#...#....
#......O..###.#...###
#....†........!).....
##...†<...#...#..)#
#......[...[....##
#...................
#................>..
#..........##(......
#........### #####$.


You could see a two-headed ogre.

Vanquished Creatures
  A water moccasin (D:5)
  An ice beast (D:5)
  A black bear (D:4)
  An ogre (D:5)
  2 phantoms
  Blork the orc (D:4)
  3 scorpions
  4 wights
  A howler monkey (D:4)
  A jelly (D:5)
  3 hounds
  2 orc priests
  4 iguanas
  Natasha (D:4)
  5 orc wizards
  4 adders
  A shadow imp (D:5)
  2 ufetubi (D:5)
  A worm (D:2)
  4 dart slugs
  16 orcs
  4 ball pythons
  6 endoplasms
  4 giant cockroaches
  11 goblins
  8 hobgoblins
  5 jackals
  4 quokkas
  4 bats
  6 frilled lizards
  3 kobolds (D:2)
  6 rats
120 creatures vanquished.

Notes
Turn   | Place    | Note
-------+----------+-------------------------------------------
     0 | D:1      | Dirtsage the Gargoyle Fighter began the quest for the Orb.
     0 | D:1      | Reached XP level 1. HP: 14/14 MP: 1/1
   114 | D:1      | Found Eteturij's Jewellery Shop.
   156 | D:1      | Reached XP level 2. HP: 19/19 MP: 2/2
   503 | D:1      | Reached skill level 3 in Maces & Flails
  1037 | D:2      | Reached XP level 3. HP: 23/23 MP: 3/3
  1044 | D:2      | Found a faded altar of an unknown god.
  1322 | D:2      | Reached skill level 4 in Maces & Flails
  1498 | D:2      | Reached XP level 4. HP: 26/28 MP: 4/4
  2279 | D:3      | Reached skill level 5 in Maces & Flails
  2347 | D:3      | Reached XP level 5. HP: 28/32 MP: 5/5
  2628 | D:4      | Noticed Blork the orc
  2642 | D:4      | Noticed a black bear
  2643 | D:4      | Killed Blork the orc
  2649 | D:4      | Noticed a phantom
  2658 | D:4      | Killed a black bear
  2659 | D:4      | Reached skill level 6 in Maces & Flails
  2659 | D:4      | Reached XP level 6. HP: 14/37 MP: 6/6
  2674 | D:4      | Reached skill level 7 in Maces & Flails
  2801 | D:4      | Reached XP level 7. HP: 41/41 MP: 7/7
  2854 | D:4      | Found Haomij's Overcharged Wands.
  2882 | D:4      | Found Jull's Distillery.
  2890 | D:4      | Bought a potion of heal wounds for 65 gold pieces
  2946 | D:4      | Found Yteapog's Armour Emporium.
  2949 | D:4      | Found Fiso's Armour Boutique.
  3064 | D:4      | Found Xesibrasm's Armour Shoppe.
  3064 | D:4      | Noticed an animated shadow dragon scales
  3066 | D:4      | Noticed an animated plate armour
  3177 | D:4      | Noticed Natasha
  3187 | D:4      | Killed Natasha
  3188 | D:4      | Reached skill level 8 in Maces & Flails
  3309 | D:4      | Identified the +10 quarterstaff "Egguapti" {drain, Dex+4}
  3600 | D:5      | Entered Level 5 of the Dungeon
  4138 | D:5      | Reached skill level 9 in Maces & Flails
  4166 | D:5      | Reached XP level 8. HP: 12/46 MP: 8/8
  4511 | D:5      | Reached skill level 10 in Maces & Flails
  4686 | D:5      | Found a runed translucent door.
  4708 | D:5      | Noticed nago's ghost (weakling DjDe)
  5338 | D:6      | Reached skill level 11 in Maces & Flails
  5381 | D:6      | Noticed a two-headed ogre
  5505 | D:6      | Slain by a two-headed ogre

Illustrated notes

Levels and vault maps discovered:
D:1:      erik_arrival_cave_to_civilisation [erik_arrival_cave_to_hall],
          layout_basic, serial_shops, nicolae_shop_gaudy_bauble,
          serial_park_tiny_2, serial_bayou_pond_c
D:2:      layout_loops_ring, hellmonk_ecumenical_altar_arch_garden,
          minmay_randomly_rotated_circles
D:3:      layout_loops_cross
D:4:      layout_loops_cross, serial_shops, nicolae_shop_advertising_works
          [nicolae_subvault_shop_adworks], shop, shop, nicolae_shop_mannequins,
          roderic_lattice_a, nicolae_shop_overcharged_wands, uniq_natasha,
          uniq_blork_the_orc
D:5:      layout_basic, ebering_ghost_reflecting_pool
D:6:      layout_rooms, kennysheep_vampire_church, minmay_temple_entry_hall,
          guppyfry_shop_venom

Skill      XL: |  1  2  3  4  5  6  7  8 |
---------------+-------------------------+-----
Maces & Flails | 3 4 5 6 7 9 11 | 11.1
Fighting       | |  3.2
Armour         | |  3.2
Shields        | |  3.2

Action                     |  1- 3 |  4- 6 |  7- 9 || total
---------------------------+-------+-------+-------++-------
  Melee: Flail             |   136 |   144 |   321 ||   601
  Evoke: Wand              |       |     2 |     3 ||     5
    Use: Potion            |       |       |     3 ||     3
   Stab: Paralysed         |       |    14 |     7 ||    21
 Armour: Scale mail        |   108 |    79 |   278 ||   465
  Dodge: Dodged            |    79 |    71 |   126 ||   276
  Block: Buckler           |    28 |    26 |    57 ||   111

Table legend: (Time is in decaauts)
 A = Elapsed time spent in this place.
 B = Non-inter-level travel time spent in this place.
 C = Inter-level travel time spent in this place.
 D = Time resting spent in this place.
 E = Time spent auto-exploring this place.
 F = Levels seen in this place.
 G = Mean time per level.
                   A        B        C        D        E       F      G
               +--------+--------+--------+--------+--------+-----+--------+
         Total |   5559 |   5363 |    196 |    139 |   4183 |   6 |  926.5 |
       Dungeon |   5559 |   5363 |    196 |    139 |   4183 |   6 |  926.5 |
               +--------+--------+--------+--------+--------+-----+--------+

Top non-repeatable levels by time:
     D:5: 1736 daAuts
     D:1: 1018 daAuts
     D:4: 993 daAuts
     D:2: 929 daAuts
     D:3: 726 daAuts
     D:6: 155 daAuts
